Unix NetHack Version 5.0.0-0 post-release - last build May 10 2026 23:12:36 (d1fa5d53e341ca933230fdaa984d921c805b60aa,branch:main).

Game began 2026-05-11 06:26:09, ended 2026-05-11 06:51:10.

AuraMoom, neutral male human Caveman

                   -----                  --- ------
                  --...--               ---.--.....
                --|.....|               |..)..<..-
               --.|.-...|              --.d......|
      ----    --........|              -..h@(..--
      |..|    |.....%.*.|                ---....-
     --..|-----.---..--[|                  ----..-
     |...|..%.%.| ----|.|                      - ..
     |....)------     |.|                         (..
     |......----      |.-                          ....      %
     --........|      |.                             ....
      |........--     --                              ....|
      |.........|                                      ...|
      --...---..|                                       |.-
       |..-| ----
       --..|
        ----

AuraMoom the Aborigine   St:18 Dx:10 Co:18 In:10 Wi:8 Ch:12  Neutral
Dlvl:5  $:52 HP:0(57) Pw:11(11) AC:10 Xp:5 T:1603  Burdened

Latest messages:
 You collapse under your load.
 You collapse under your load.
 You collapse under your load.
 The dwarf throws a stout spear!
 A stout spear misses you.
 You collapse under your load.
 There appears to be no shopkeeper here to receive your payment.
 What do you want to put on? [*] <esc>
 Never mind.
 Are you sure you want to pray? [yn] (n) y
 You begin praying to Ishtar.
 You are surrounded by a shimmering light.
 You finish your prayer.
 You feel that Ishtar is well-pleased.
 Your shape becomes uncertain.
 You return to human form!
 Your movements are only slowed slightly by your load.
 The dwarf wields a rusty broad short sword!
 You begin bashing monsters with your bare hands.
 You hit the dwarf.
 The dwarf thrusts her broad short sword.
 The dwarf hits!
 You miss the dwarf.
 You miss the dwarf.
 You miss the dwarf.
 The dwarf thrusts her broad short sword.
 The dwarf hits!
 The dwarf thrusts her broad short sword.
 The dwarf hits!
 You miss the dwarf.
 Slasher picks up a stout spear.
 You miss the dwarf.
 You hit the dwarf.
 The dwarf thrusts her broad short sword.
 The dwarf hits!
 The dwarf thrusts her broad short sword.
 The dwarf hits!
 Slasher drops a stout spear.
 You miss the dwarf.
 Slasher misses the dwarf.
 You miss the dwarf.
 Slasher misses the dwarf.
 The dwarf thrusts her broad short sword.
 The dwarf hits!
 You die...
 Do you want your possessions identified? [ynq] (y) y
 Do you want to see your attributes? [ynq] (y) y
 Do you want an account of creatures vanquished? [ynaq] (y) n
 Do you want to see your conduct and achievements? [ynq] (y) n
 Do you want to see the dungeon overview? [ynq] (y) n

Inventory:
 Coins    ('$')
  $ - 52 gold pieces
 Weapons  (')')
  b - a blessed +2 sling (alternate weapon; not wielded)
  a - a blessed +1 club
 Armor    ('[')
  O - a cursed +0 dwarvish cloak
 Comestibles  ('%')
  u - an uncursed food ration
  j - an uncursed homemade tin of newt meat
 Scrolls  ('?')
  v - an uncursed scroll of gold detection
 Spellbooks  ('+')
  p - an uncursed spellbook of remove curse
 Potions  ('!')
  f - an uncursed potion of healing
 Wands    ('/')
  s - a wand of polymorph (0:4)
 Tools    ('(')
  k - an uncursed mirror
  g - an uncursed tin whistle
 Gems/Stones  ('*')
  t - a cursed obsidian stone
  w - an uncursed opal
  E - an uncursed worthless piece of blue glass
  I - 2 uncursed worthless pieces of yellowish brown glass
  c - 11 uncursed flint stones
  M - a cursed loadstone
  d - 31 uncursed rocks

AuraMoom the Caveman's attributes:

Background:
 You were an Aborigine, a level 5 human Caveman.
 You were neutral, on a mission for Ishtar
 who was opposed by Anu (lawful) and Anshar (chaotic).
 You were right-handed.
 You were in the Gnomish Mines, on level 5.
 You entered the dungeon 1603 turns ago.
 You had 229 experience points, 91 more were needed to attain level 6.

Basics:
 You had 0 out of 57 hit points.
 You had all 11 energy points (spell power).
 Your armor class was 10.
 Your wallet contained 52 zorkmids.
 Autopickup was on for all types, with exceptions.

Final Characteristics:
 Your strength was 18 (limit:18/100).
 Your dexterity was 10 (limit:18).
 Your constitution was 18 (limit:18).
 Your intelligence was 10 (limit:18).
 Your wisdom was 8 (limit:18).
 Your charisma was 12 (limit:18).

Final Status:
 You weren't hungry.
 You were burdened; movement was slightly slowed.
 You were bare handed.
 You had basic skill with bare handed combat.
 You weren't wearing any armor.

Final Attributes:
 You were devoutly aligned.
 You are dead.

Miscellaneous:
 You didn't encounter any bones levels.
 Total elapsed playing time was 24 minutes and 54 seconds.

Major events:
 Turn
    1: AuraMoom the neutral human Caveman entered the dungeon
 1120: entered the Gnomish Mines
 1125: attained the rank of Aborigine (level 3)
 1603: killed by a dwarf

You didn't know any spells.

Skills:
 Fighting Skills
   bare handed combat [Basic]
 Weapon Skills
   dagger             [Unskilled]
   knife              [Unskilled]
   axe                [Unskilled]
   pick-axe           [Unskilled]
   club               [Basic]
   mace               [Unskilled]
   morning star       [Unskilled]
   flail              [Unskilled]
   hammer             [Unskilled]
   quarterstaff       [Unskilled]
   polearms           [Unskilled]
   spear              [Unskilled]
   trident            [Unskilled]
   bow                [Unskilled]
   sling              [Basic]
   boomerang          [Unskilled]
   unicorn horn       [Unskilled]
 Spellcasting Skills
   attack spells      [Unskilled]
   matter spells      [Unskilled]

Voluntary challenges:
 Character rerolling was not enabled.
 You never genocided any monsters.
 You never polymorphed an object.
 You used no wishes.
Achievements:
 You entered the Gnomish Mines.
 You attained the rank of Aborigine.

 The Dungeons of Doom: levels 1 to 3
    Level 1:
    Level 2:
       Some fountains.
    Level 3:
       A fountain.
       Stairs down to The Gnomish Mines.
 The Gnomish Mines: levels 4 to 5
    Level 4:
    Level 5: <- You were here.
       Final resting place for
          you, killed by a dwarf.


Vanquished creatures:
  a fog cloud
  4 gnome leaders
  a gray ooze
  3 dwarves
  a homunculus
 an iguana
  a hobbit
  a yellow mold
 16 gnomes
  3 geckos
  a jackal
  3 goblins
  3 grid bugs
  3 bats
  5 lichens
  a kobold zombie
  4 newts
52 creatures vanquished.

No species were genocided or became extinct.

Game over:
                       ----------
                      /          \
                     /    REST    \
                    /      IN      \
                   /     PEACE      \
                  /                  \
                  |     AuraMoom     |
                  |      52 Au       |
                  |   killed by a    |
                  |      dwarf       |
                  |                  |
                  |                  |
                  |       2026       |
                 *|     *  *  *      | *
        _________)/\\_//(\/(/\)/\//\/|_)_______

Goodbye AuraMoom the Caveman...

You died in The Gnomish Mines on dungeon level 5 with 1193 points,
and 52 pieces of gold, after 1603 moves.
You were level 5 with a maximum of 57 hit points when you died.

